 Dungeon Crawl Stone Soup version 0.27-a0-1532-gca18f49f40 (webtiles) character file.

Game seed: 6146377224489122382

142 Sin92 the Skirmisher (level 5, 0/42 HPs)
             Began as a Demonspawn Fighter on July 12, 2021.
             Killed from afar by Dowan (11 damage)
             ... with a puff of frost
             ... on level 6 of the Dungeon.
             The game lasted 00:04:08 (2810 turns).

Sin92 the Skirmisher (Demonspawn Fighter)           Turns: 2810, Time: 00:04:09

Health: 0/42       AC:  8    Str: 17    XL:     5   Next: 3%
Magic:  4/4        EV:  8    Int: 10    God:
Gold:   88         SH: 11    Dex: 20    Spells: 4/4 levels left

rFire    . . .     SeeInvis .   a - +1 war axe
rCold    . . .     Faith    .   c - +1 kite shield
rNeg     . . .     Spirit   .   b - +0 scale mail
rPois    .         Reflect  .   (no helmet)
rElec    .         Harm     .   (no cloak)
rCorr    .         Rampage  .   (no gloves)
Will     .....                  (no boots)
Stlth    ..........             (no amulet)
HPRegen  0.14/turn              g - +6 ring of dexterity
MPRegen  0.09/turn              (no ring)

@: lit by a corona, glowing
A: thin metallic scales 1, demonic guardian 1, agile 1, low mp 1
a: no special abilities


You were on level 6 of the Dungeon.
You visited 1 branch of the dungeon, and saw 6 of its levels.

You collected 88 gold pieces.

Inventory:

Hand Weapons
 a - a +1 war axe (weapon)
Armour
 b - a +0 scale mail (worn)
 c - a +1 kite shield (worn)
Jewellery
 g - a +6 ring of dexterity (left hand)
Wands
 d - a wand of digging (3)
 f - a wand of iceblast (7)
Potions
 e - 5 potions of curing


   Skills:
 + Level 3.6 Fighting
 + Level 2.6 Axes
 + Level 3.3 Armour
 + Level 1.7 Dodging
 + Level 3.3 Shields


You had 4 spell levels left.
You didn't know any spells.
Your spell library contained the following spells:

 Spells                   Type           Power      Damage    Failure   Level
 Pain                     Necr           0%         1d4       99%         1
 Animate Armour           Summ/Erth      0%         N/A       100%        4
 Agony                    Necr           0%         N/A       100%        5
 Alistair's Intoxication  Tmut/Pois      0%         N/A       100%        5
 Blade Hands              Tmut           0%         N/A       100%        5
 Borgnjor's Vile Clutch   Necr/Erth      0%         N/A       100%        5
 Excruciating Wounds      Necr           0%         N/A       100%        5
 Eringya's Noxious Bog    Tmut/Pois      0%         N/A       100%        6
 Iron Shot                Conj/Erth      0%         9d1       100%        6


Dungeon Overview and Level Annotations

Branches:
Dungeon (7/15)
 Temple: D:4-7

Altars:
Kikubaaqudgha
Trog
The Shining One

Shops:
D:3 ?

Annotations:
D:6 Dowan, Duvessa


Innate Abilities, Weirdness & Mutations

You are partially covered in thin metallic scales. (AC +2)
A weak demonic guardian rushes to your aid.
You are agile. (Dex +2)
Your magical capacity is low. (-10% MP)


Message History

Unknown command.
You slash Duvessa!
Duvessa is heavily wounded.
You block Duvessa's attack.
Dowan points at Duvessa and mumbles some strange words.
Duvessa seems to speed up.
Duvessa hits you with a +0 short sword!
You hit Duvessa.
Duvessa is heavily wounded.
Duvessa hits you but does no damage. Duvessa hits you with a +0 short sword.
Duvessa misses you.
You closely miss Duvessa.
Duvessa is heavily wounded.
Duvessa hits you but does no damage.
Dowan points at you and mumbles some strange words.
You are outlined in light.
Duvessa hits you but does no damage.
You hit Duvessa.
Duvessa is heavily wounded.
Duvessa gestures with her weapon.
Duvessa barely misses you. You block Duvessa's attack.
You block Dowan's attack.
Unknown command.
You hit Duvessa.
Duvessa is heavily wounded.
You hit Dowan. Duvessa hits you but does no damage. You block Duvessa's attack.
Dowan hits you with a +0 dagger. Duvessa hits you but does no damage.
Dowan barely misses you.
You slash Duvessa!
Duvessa is almost dead.
You closely miss Dowan. Duvessa hits you with a +0 short sword.
* * * LOW HITPOINT WARNING * * *
You block Dowan's attack.
Duvessa gestures with her weapon.
Duvessa closely misses you.
You hit Duvessa.
Duvessa is almost dead.
You hit Dowan. Duvessa hits you but does no damage. You block Dowan's attack.
You block Duvessa's attack.
Dowan points at you and mumbles some strange words.
The puff of frost hits you!
You die...

#...#..............
#####...#..............
#.......+......#.......
#.###...#..........#...
#.# ####.........#.#...
#.######......#.##.# ..
#.............#.. .#
#####.......#.
#..@e...# #...e....#
#........# #........#
#.......... #.....#....
#####...... ......


You could see Duvessa (fast) and Dowan.

Vanquished Creatures
  A howler monkey zombie (D:6)
  Robin (D:2)
  4 adders
  A worm (D:2)
  A dart slug (D:1)
  2 orcs (D:3)
  4 ball pythons
  6 bats
  2 endoplasms (D:3)
  14 goblins
  9 hobgoblins
  9 jackals
  A quokka (D:1)
  4 frilled lizards (D:2)
  A kobold (D:2)
  4 rats
64 creatures vanquished.

Vanquished Creatures (collateral kills)
  An adder (D:2)
  2 orcs (D:3)
  An endoplasm (D:3)
  A ball python (D:3)
  A frilled lizard (D:3)
6 creatures vanquished.

Grand Total: 70 creatures vanquished

Notes
Turn   | Place    | Note
-------+----------+-------------------------------------------
     0 | D:1      | Sin92 the Demonspawn Fighter began the quest for the Orb.
     0 | D:1      | Reached XP level 1. HP: 18/18 MP: 1/1
   194 | D:1      | Gained mutation: A weak demonic guardian rushes to your
                  | aid. [demonic ancestry]
   194 | D:1      | Reached XP level 2. HP: 9/24 MP: 2/2
   821 | D:2      | Gained mutation: You are agile. (Dex +2) [potion of
                  | mutation]
   821 | D:2      | Gained mutation: Your magical capacity is low. (-10% MP)
                  | [potion of mutation]
   854 | D:2      | Reached skill level 1 in Dodging
   854 | D:2      | Gained mutation: You are partially covered in thin metallic
                  | scales. (AC +2) [demonic ancestry]
   854 | D:2      | Reached XP level 3. HP: 22/29 MP: 2/2
  1371 | D:2      | Noticed Robin
  1378 | D:2      | Reached XP level 4. HP: 31/35 MP: 3/3
  1385 | D:2      | Killed Robin
  1812 | D:3      | Found Racinum's Magic Scroll Shoppe.
  2209 | D:3      | Found a faded altar of an unknown god.
  2688 | D:3      | Found a bloodstained altar of Trog.
  2690 | D:3      | Found an ancient bone altar of Kikubaaqudgha.
  2716 | D:4      | You fall into a shaft and drop 3 floors!
  2759 | D:6      | Reached XP level 5. HP: 23/42 MP: 4/4
  2796 | D:6      | Noticed Duvessa
  2800 | D:6      | Noticed Dowan
  2810 | D:6      | Killed from afar by Dowan

Illustrated notes

Levels and vault maps discovered:
D:1:      wander_arrival_peaceful_grave, layout_rooms
D:2:      layout_loops_ring, basic_altar, fountainhead, uniq_robin
D:3:      layout_basic, nicolae_overflow_hidden_temple,
          shapermc_ecumenical_altar_venn, serial_shops, shop_fountains
D:4:      cheibrodos_greedy_goblins, layout_loops_corners,
          wad_floor_pattern_untrapped
D:6:      layout_basic, uniq_edmund, uniq_duvessa
D:7:      layout_loops_cross, grunt_dithmenos_smoke, serial_shops,
          nicolae_inconvenience_store, minmay_lizard_king

Skill      XL: |  1  2  3 |
---------------+----------+-----
Axes           | 2 |  2.6
Dodging        | 1 |  1.7
Shields        | 3 |  3.3
Armour         | 3 |  3.3
Fighting       | |  3.6

Action                   |  1- 3 |  4- 6 || total
-------------------------+-------+-------++-------
Melee: War axe           |    84 |    72 ||   156
  Use: Potion            |     5 |       ||     5
       Scroll            |     2 |     4 ||     6
Armor: Scale mail        |    43 |    38 ||    81
Dodge: Dodged            |    45 |    25 ||    70
Block: Kite shield       |    55 |    55 ||   110

Table legend: (Time is in decaauts)
 A = Elapsed time spent in this place.
 B = Non-inter-level travel time spent in this place.
 C = Inter-level travel time spent in this place.
 D = Time resting spent in this place.
 E = Time spent auto-exploring this place.
 F = Levels seen in this place.
 G = Mean time per level.
                   A        B        C        D        E       F      G
               +--------+--------+--------+--------+--------+-----+--------+
         Total |   2908 |   2806 |    102 |      0 |   2287 |   6 |  484.7 |
       Dungeon |   2908 |   2806 |    102 |      0 |   2287 |   6 |  484.7 |
               +--------+--------+--------+--------+--------+-----+--------+

Top non-repeatable levels by time:
     D:2: 1022 daAuts
     D:3: 930 daAuts
     D:1: 845 daAuts
     D:6: 68 daAuts
     D:7: 31 daAuts
     D:4: 9 daAuts
